 Dungeon Crawl Stone Soup version 0.18.1-50-g88ac8fd (webtiles) character file.

7 ololoev the Skirmisher (level 1, -2/27 HPs)
             Began as a Demonspawn Berserker on Oct 28, 2016.
             Was a Follower of Trog.
             Slain by a hippogriff (5 damage)
             ... on level 5 of the Dungeon.
             The game lasted 00:02:06 (465 turns).

ololoev the Skirmisher (Demonspawn Berserker)        Turns: 465, Time: 00:02:07

Health: -2/27      AC:  9    Str: 22    XL:     1   Next: 83%
Magic:  1/1        EV:  8    Int:  8    God:    Trog [*.....]
Gold:   66         SH:  0    Dex: 12    Spells: 0 memorised, 0 levels left

rFire  . . .     SeeInvis .     a - +0 hand axe
rCold  . . .     Gourm    .     j - +0 chain mail
rNeg   . . .     Faith    .     (no shield)
rPois  .         Spirit   .     (no helmet)
rElec  .         Dismiss  .     f - +0 cloak
rCorr  .         Reflect  .     (no gloves)
SustAt .         Harm     .     (no boots)
MR     .....                    (no amulet)
Stlth  ..........               (no ring)
                                (no ring)

@: berserking (expiring), very quick, not resistant to hostile enchantments,
extremely unstealthy
A: no striking features
a: Berserk, Burn Spellbooks, Renounce Religion

Inventory:

Hand Weapons
 a - a +0 hand axe (weapon)
Armour
 f - a +0 cloak (worn)
 j - a +0 chain mail (worn)
Scrolls
 e - a scroll of random uselessness {unknown}
Potions
 h - 2 potions of curing {unknown}
 i - a potion of cure mutation {unknown}
Comestibles
 c - a bread ration
 d - a slice of pizza
 g - a beef jerky


   Skills:
 + Level 3.2 Fighting
 * Level 2.8 Axes
 + Level 2.0 Armour
 - Level 1.7 Dodging


You couldn't memorise any spells.
You didn't know any spells.


You were on level 5 of the Dungeon.
You worshipped Trog.
Trog was aware of your devotion.
You were not hungry.

You visited 1 branch of the dungeon, and saw 5 of its levels.

You collected 66 gold pieces.

#######...#
#....##...#
#....##...#
#....##...#
#....##...###
#.#####...........#
#.#...............#
#.#...............#
#.#........H@.....#
#.#...............#
#.#.......#########
..###.#######.#
#.......H.....#
#...#.#########
#...#.# #...#.#
#...#.#

Notes
Turn   | Place    | Note
--------------------------------------------------------------
     0 | D:1      | ololoev the Demonspawn Berserker began the quest for the Orb.
     0 | D:1      | Reached XP level 1. HP: 18/18 MP: 1/1
   371 | D:3      | Found a burning altar of Makhleb.
   420 | D:5      | Entered Level 5 of the Dungeon
   420 | D:5      | Noticed ololoev's ghost (amateur DsBe)
   441 | D:5      | Noticed a hippogriff
   465 | D:5      | Slain by a hippogriff

Dungeon Overview and Level Annotations

Branches:
Dungeon (5/15)
 Temple: D:4-7

Altars:
Makhleb

Annotations:
D:5 ololoev's ghost, amateur DsBe


Message History

You are too injured to fight recklessly!
You are too injured to fight recklessly!
You are too injured to fight recklessly!
You are too injured to fight recklessly!
You are too injured to fight recklessly!
You hit the orc.
You kill the orc!
Trog accepts your kill.
Your Armour skill increases to level 2!
Things that are here:
a flail; a chain mail
Things that are here:
a flail; a chain mail
j - a chain mail Wear which item? (? for menu, Esc to quit)
You start removing your armour.
You continue taking off your +0 animal skin. x4
You finish taking off your +0 animal skin.
You start putting on your armour.
You continue putting on your chain mail. x5
You finish putting on your +0 chain mail.
Drop what? 10/52 slots (_ for help) (? for menu, Esc to quit)
You drop a +0 animal skin.
You offer a prayer to Trog.
Trog is aware of your devotion.
There is a burning altar of Makhleb here.
Things that are here:
a whip; a robe
Found 20 stones.
Found a stone staircase leading down.
(D) Dungeon
Where to? (Enter - D:3, ? - help)
There is a stone staircase leading down here.
You climb downwards.
Found a stone staircase leading down.
There is a stone staircase leading up here.
(D) Dungeon
Where to? (Enter - D:4, ? - help)
There is a stone staircase leading down here.
You climb downwards.
Ololoev's ghost (amateur Demonspawn Berserker) comes into view.
You found a teleport trap!
There is a stone staircase leading up here.
The teleport trap disappears.
Ololoev's ghost disappears!
Found a stone staircase leading down.
A hippogriff comes into view.
There is a stone staircase leading up here.
Use which ability? (? or * to list)
A red film seems to cover your vision as you go berserk!
You feel yourself moving faster!
You feel mighty!
You feel quite a bit more hungry.
You completely miss the hippogriff.
The hippogriff bites you but does no damage.
The hippogriff pecks you.
The hippogriff claws you but does no damage.
You hit the hippogriff.
The hippogriff is lightly wounded.
You barely miss the hippogriff.
The hippogriff is lightly wounded.
The hippogriff barely misses you. The hippogriff pecks you.
The hippogriff claws you but does no damage.
You barely miss the hippogriff.
The hippogriff is lightly wounded.
The hippogriff barely misses you. x2; The hippogriff claws you.
You slash the hippogriff!
The hippogriff is moderately wounded.
The hippogriff bites you but does no damage.
The hippogriff pecks you but does no damage.
The hippogriff claws you but does no damage.
You slash the hippogriff!
The hippogriff is heavily wounded.
The hippogriff bites you.
The hippogriff pecks you but does no damage.
The hippogriff claws you but does no damage.
You slash the hippogriff!
The hippogriff is severely wounded.
The hippogriff bites you but does no damage.
The hippogriff pecks you but does no damage.
The hippogriff claws you.
You die...

You could see a hippogriff.

Vanquished Creatures
  An orc (D:3)
  A giant cockroach (D:2)
  A goblin (D:3)
  A giant newt (D:2)
  2 rats
6 creatures vanquished.

Action                   || total
-------------------------++-------
Melee: Hand axe          ||    27
Invok: Berserk           ||     1
 Stab: Sleeping          ||     1
Armor: Chain mail        ||    10
       Animal skin       ||     2
Dodge: Dodged            ||    12

Vault maps used:
D:1:      dpeg_arrival_connections
D:3:      bloody_makhleb, old_standard_altar
D:4:      lemuel_upstairs_altar, minitemple, lemuel_doored_altar,
          nicolae_ru_sacrificial_ziggurat
D:5:      first_bread, uniq_grinder
